cohdb
Replays
Latest Replays
All Replays
Popular Replays
Top Player Replays
Match Explorer
How It Works
Community
CoH3 Stats
Reddit
Sign in to upload your games and track your stats! →
Sign in with Steam
Match 47188755
Unlisted
Match 47188755
Overview
Messages
Build Orders
End
Panzerpioneer Squad
Selects Italian Combined Arms Battlegroup
Selects Bersaglieri Squad
Bersaglieri Squad
Bersaglieri Squad
Construct Light Support Kompanie
Selects Bersaglieri Bolster
Bersaglieri Squad
Fire Support Elements
Flakvierling Half-track
Bersaglieri Squad
Tungsten Core Ammunition
Vehicle Survival Package
Selects Breda Model 30 Light Machine Guns
Construct Panzerarmee Kommand
Rapid Advance
Armored Reserves
Emergency Repair Kits
Selects Semovente da 75/18 Assault Gun
Tiger Heavy Tank
Advanced Optics
2.5-tonne Medical Truck
Veteran Squad Leaders
Selects Strafing Run
Strafing Run
Panzer III L Medium Tank
Qhunter
[TGR] ImperialGuard
MiniMitMit
Boneless
ValiantHawk
Iris
0
0
Comments
sign in to comment!
No comments posted yet!